 Dungeon Crawl Stone Soup version 0.27.0-1-g7a089689b8 (webtiles) character file.

Game seed: 8305061920031327494

259 inmateoo the Vexing (level 6, 0/47 HPs)
             Began as a Gnoll Arcane Marksman on Aug 3, 2021.
             Succumbed to a kobold brigand's curare-tipped dart
             ... on level 4 of the Dungeon.
             The game lasted 00:03:35 (3473 turns).

inmateoo the Vexing (Gnoll Arcane Marksman)         Turns: 3473, Time: 00:03:36

Health: 0/47       AC:  7    Str:  9    XL:     6   Next: 17%
Magic:  11/11      EV:  9    Int: 14    God:
Gold:   155        SH:  0    Dex: 13    Spells: 3/11 levels left

rFire    . . .     SeeInvis .   a - +0 hand crossbow
rCold    . . .     Faith    .   (no shield)
rNeg     . . .     Spirit   .   j - +0 scale mail
rPois    .         Reflect  .   (no helmet)
rElec    .         Harm     .   (no cloak)
rCorr    .         Rampage  .   b - +0 pair of gloves
Will     .....                  (no boots)
Stlth    ..........             (no amulet)
HPRegen  0.15/turn              (no ring)
MPRegen  0.12/turn              (no ring)

@: lethally poisoned (0 -> -22), slowed, very slow
A: fangs 1, strong nose, distributed training
a: no special abilities


You were on level 4 of the Dungeon.
You visited 1 branch of the dungeon, and saw 4 of its levels.

You collected 155 gold pieces.

Inventory:

Hand Weapons
 a - a +0 hand crossbow (weapon)
 l - a +2 falchion of holy wrath
 o - a +0 falchion of flaming
Missiles
 c - 22 bolts (quivered ammo)
Armour
 b - a +0 pair of gloves (worn)
 j - a +0 scale mail (worn)
Jewellery
 g - a ring of flight
Scrolls
 f - 3 scrolls of identify {unknown}
 k - a scroll of amnesia {unknown}
Potions
 d - a potion of curing {unknown}
 e - a potion of ambrosia {unknown}
 h - 3 potions of might {unknown}
 i - 2 potions of brilliance {unknown}
 m - a potion of attraction {unknown}
 n - a potion of mutation {unknown}


   Skills:
 + Level 3.1 Fighting
 + Level 1.8 Short Blades
 + Level 1.8 Long Blades
 + Level 1.8 Axes
 + Level 1.8 Maces & Flails
 + Level 1.8 Polearms
 + Level 1.8 Staves
 + Level 1.8 Slings
 + Level 1.8 Bows
 + Level 4.9 Crossbows
 + Level 1.8 Throwing
 + Level 1.8 Armour
 + Level 4.9 Dodging
 + Level 1.8 Stealth
 + Level 1.8 Shields
 + Level 1.8 Unarmed Combat
 + Level 3.3 Spellcasting
 + Level 1.4 Conjurations
 + Level 5.6 Hexes
 + Level 1.4 Summonings
 + Level 1.4 Necromancy
 + Level 1.4 Translocations
 + Level 1.4 Transmutations
 + Level 1.4 Fire Magic
 + Level 1.4 Ice Magic
 + Level 1.4 Air Magic
 + Level 1.4 Earth Magic
 + Level 1.4 Poison Magic
 + Level 2.0 Invocations
 + Level 1.8 Evocations


You had 3 spell levels left.
You knew the following spells:

 Your Spells              Type           Power      Damage    Failure   Level
a - Corona                Hex            20%        N/A       16%         1
b - Slow                  Hex            18%        N/A       24%         2
c - Portal Projectile     Hex/Tloc       24%        N/A       75%         3
d - Wereblood             Tmut           6%         N/A       80%         2

Your spell library contained the following spells:

 Spells                   Type           Power      Damage    Failure   Level
 Summon Small Mammal      Summ           24%        N/A       65%         1
 Inner Flame              Hex/Fire       12%        N/A       75%         3
 Summon Guardian Golem    Hex/Summ       12%        N/A       75%         3
 Sublimation of Blood     Necr           3%         N/A       80%         2
 Call Canine Familiar     Summ           6%         N/A       95%         3
 Cause Fear               Hex            9%         N/A       85%         4
 Summon Hydra             Summ           3%         N/A       100%        7


Dungeon Overview and Level Annotations

Branches:
Dungeon (4/15)
 Temple: D:4-7

Altars:

Shops:
D:1 [


Innate Abilities, Weirdness & Mutations

You have very sharp teeth.
Your uncanny sense of smell can sniff out nearby items.
Your experience applies equally to all skills.


Message History

You feel very sick.
There is a stone staircase leading down here.
Items here: ) [[ ÷ †.
You start resting.
You feel sick. x4
You are no longer poisoned.
You start resting.
You feel yourself speed up.
You start resting.
HP restored.
Your +2 falchion of holy wrath stops glowing.
a - a +0 hand crossbow (weapon)
You climb downwards.
There is a stone staircase leading up, spattered with blood here.
The kobold brigand throws a curare-tipped dart.
The curare-tipped dart hits you.
You are poisoned.
You have difficulty breathing.
You feel yourself slow down.
You shoot a bolt.
The bolt closely misses the kobold brigand.
You feel very sick.
You shoot a bolt.
The bolt barely misses the kobold brigand.
You feel sick.
The kobold brigand throws a curare-tipped dart.
The curare-tipped dart hits you.
You are more poisoned.
You have difficulty breathing.
You feel as though you will be slow longer.
You shoot a bolt.
The bolt closely misses the kobold brigand.
You feel extremely sick.
The kobold brigand throws a curare-tipped dart.
The curare-tipped dart hits you.
You are lethally poisoned!
You have difficulty breathing.
You feel as though you will be slow longer.
You are too injured to fight recklessly!
* * * LOW HITPOINT WARNING * * *
You feel extremely sick.
You die...

##########
#........#
#........#
#....@...#
#........#
#........#
#........#
#K.......#
..........#
...........#
.............#
.....#####.###


You could see a kobold brigand.

Vanquished Creatures
  A necrophage (D:3)
  2 orc priests (D:3)
  Terence (D:2)
  An adder (D:3)
  A worm (D:2)
  2 dart slugs (D:1)
  9 orcs (D:3)
  4 ball pythons
  4 endoplasms
  A giant cockroach (D:1)
  6 goblins
  5 hobgoblins
  4 jackals (D:1)
  3 quokkas (D:2)
  A bat (D:1)
  4 frilled lizards
  5 kobolds
  10 rats
64 creatures vanquished.

Notes
Turn   | Place    | Note
-------+----------+-------------------------------------------
     0 | D:1      | inmateoo the Gnoll Arcane Marksman began the quest for the
                  | Orb.
     0 | D:1      | Reached XP level 1. HP: 17/17 MP: 4/4
    93 | D:1      | Found Exiocsai's Armour Boutique.
   110 | D:1      | Reached XP level 2. HP: 21/23 MP: 5/5
   127 | D:1      | Learned a level 2 spell: Slow
   540 | D:1      | Reached XP level 3. HP: 19/28 MP: 7/7
  1187 | D:2      | Noticed Terence
  1193 | D:2      | Killed Terence
  1194 | D:2      | Reached skill level 1 in Short Blades
  1194 | D:2      | Reached skill level 1 in Long Blades
  1194 | D:2      | Reached skill level 1 in Axes
  1194 | D:2      | Reached skill level 1 in Maces & Flails
  1194 | D:2      | Reached skill level 1 in Polearms
  1194 | D:2      | Reached skill level 1 in Staves
  1194 | D:2      | Reached skill level 1 in Slings
  1194 | D:2      | Reached skill level 1 in Bows
  1194 | D:2      | Reached skill level 1 in Throwing
  1194 | D:2      | Reached skill level 1 in Armour
  1194 | D:2      | Reached skill level 1 in Stealth
  1194 | D:2      | Reached skill level 1 in Shields
  1194 | D:2      | Reached skill level 1 in Unarmed Combat
  1194 | D:2      | Reached skill level 1 in Invocations
  1194 | D:2      | Reached skill level 1 in Evocations
  1194 | D:2      | Reached XP level 4. HP: 34/34 MP: 8/8
  1888 | D:3      | Learned a level 3 spell: Portal Projectile
  1891 | D:3      | Learned a level 2 spell: Wereblood
  1928 | D:3      | Found a faded altar of an unknown god.
  2303 | D:3      | Reached skill level 1 in Conjurations
  2303 | D:3      | Reached skill level 1 in Summonings
  2303 | D:3      | Reached skill level 1 in Necromancy
  2303 | D:3      | Reached skill level 1 in Translocations
  2303 | D:3      | Reached skill level 1 in Transmutations
  2303 | D:3      | Reached skill level 1 in Fire Magic
  2303 | D:3      | Reached skill level 1 in Ice Magic
  2303 | D:3      | Reached skill level 1 in Air Magic
  2303 | D:3      | Reached skill level 1 in Earth Magic
  2303 | D:3      | Reached skill level 1 in Poison Magic
  2586 | D:3      | Reached XP level 5. HP: 26/40 MP: 9/9
  2971 | D:4      | Noticed a necrophage
  3149 | D:4      | Noticed a kobold brigand
  3158 | D:3      | Killed a necrophage
  3159 | D:3      | Reached XP level 6. HP: 25/47 MP: 9/11
  3473 | D:4      | Succumbed to a kobold brigand's curare-tipped dart

Illustrated notes

Levels and vault maps discovered:
D:1:      heliophobic_arrival_ceremonial_halls, layout_basic, serial_shops,
          shop_statue, minmay_unequal
D:2:      layout_loops_cross, uniq_terence
D:3:      layout_loops_ring, hellmonk_ecumenical_altar_lost_god
D:4:      layout_rooms, minmay_ruined_shrine, uniq_menkaure, uniq_ijyb,
          uniq_crazy_yiuf_cottage, uniq_natasha

Skill      XL: |  1  2  3  4  5 |
---------------+----------------+-----
Short Blades   | 1 |  1.8
Long Blades    | 1 |  1.8
Axes           | 1 |  1.8
Maces & Flails | 1 |  1.8
Polearms       | 1 |  1.8
Staves         | 1 |  1.8
Slings         | 1 |  1.8
Bows           | 1 |  1.8
Throwing       | 1 |  1.8
Armour         | 1 |  1.8
Stealth        | 1 |  1.8
Shields        | 1 |  1.8
Unarmed Combat | 1 |  1.8
Invocations    | 1 2 |  2.0
Evocations     | 1 |  1.8
Spellcasting   | 3 |  3.3
Conjurations   | 1 |  1.4
Summonings     | 1 |  1.4
Necromancy     | 1 |  1.4
Translocations | 1 |  1.4
Transmutations | 1 |  1.4
Fire Magic     | 1 |  1.4
Ice Magic      | 1 |  1.4
Air Magic      | 1 |  1.4
Earth Magic    | 1 |  1.4
Poison Magic   | 1 |  1.4
Fighting       | 3 |  3.1
Crossbows      | |  4.9
Dodging        | |  4.9
Hexes          | |  5.6

Action                   |  1- 3 |  4- 6 || total
-------------------------+-------+-------++-------
Melee: Falchion          |       |    34 ||    34
       Bite              |       |     7 ||     7
 Fire: Hand crossbow     |    62 |    88 ||   150
Armor: Scale mail        |       |    24 ||    24
Dodge: Dodged            |     8 |    41 ||    49
       Rpst.: Falchion   |       |    11 ||    11
